 Dungeon Crawl Stone Soup version 0.18-a0-1523-gbe15c29 (webtiles) character file.

28446 4thArraOfDagon the Brawler (level 13, -3/110 HPs)
             Began as a Troll Abyssal Knight on Mar 7, 2016.
             Was a Priest of Lugonu.
             Killed from afar by an efreet (25 damage)
             ... with a fireball
             ... on level 15 of the Dungeon.
             The game lasted 00:42:57 (8166 turns).

4thArraOfDagon the Brawler (Troll Abyssal Knight)   Turns: 8166, Time: 00:42:58

Health: -3/110     AC: 12    Str: 23    XL:     13   Next: 9%
Magic:  19/19      EV:  9    Int: 14    God:    Lugonu [***...]
Gold:   719        SH:  9    Dex: 10    Spells: 0 memorised, 12 levels left

rFire  . . .     SeeInvis .       - Unarmed
rCold  + . .     Gourm    +     g - +0 troll leather armour
rNeg   . . .     Faith    .     H - +1 shield {rPois}
rPois  +         Spirit   .     (helmet restricted)
rElec  .         Dismiss  .     r - +0 cloak
rCorr  .         Reflect  .     (gloves unavailable)
SustAt .         Harm     .     (boots unavailable)
MR     .....     Clarity  +     (no amulet)
Stlth  +.........               v - ring "Saesches" {rPois Int+2}
                                l - ring of protection from cold

@: not resistant to hostile enchantments, very unstealthy
A: unfitting armour, claws 3, rough black scales 1, agile 1, clarity, fast
metabolism 3, gourmand, regeneration 2, shaggy fur 1, tough skin 2
a: Depart the Abyss, Bend Space, Banish, Renounce Religion


You were on level 15 of the Dungeon.
You worshipped Lugonu.
Lugonu was most pleased with you.
You were very full.

You visited 2 branches of the dungeon, and saw 16 of its levels.
You visited the Abyss 3 times.
You also visited: Ice Cave.

You collected 719 gold pieces.

Inventory:

Hand Weapons
 w - a +0 giant club
 L - a +0 blowgun
Missiles
 f - 10 javelins
 k - 2 throwing nets
 P - 7 large rocks (quivered)
Armour
 g - a +0 troll leather armour (worn)
 q - a +1 robe of positive energy
 r - a +0 cloak (worn)
 H - a +1 shield of poison resistance (worn)
 T - the +4 robe of Qazlal's Favour {rCorr, unknown}
   (You found it on level 1 of the Abyss)

   It protects you from acid and corrosion.
Magical Staves
 G - an uncursed staff of fire
Rods
 i - a +4 rod of clouds (12/12)
   (You found it on level 11 of the Dungeon)
Jewellery
 d - a +3 ring of intelligence
 l - a ring of protection from cold (left claw)
 u - an uncursed ring of see invisible
 v - the ring "Saesches" (right claw) {rPois Int+2}
   (You took it off a gnoll on level 4 of the Dungeon)

   [ring of poison resistance]

   It affects your intelligence (+2).
   It protects you from poison.
 z - an uncursed ring of teleportation
 C - a +5 ring of intelligence
 K - an uncursed ring of poison resistance {unknown}
Wands
 o - a wand of disintegration (18/24)
 p - a wand of lightning (8/15)
 B - a wand of paralysis (0/24)
 J - a wand of lightning (0/15)
 O - a wand of polymorph (14/24)
Scrolls
 a - 3 scrolls of enchant armour
 e - 2 scrolls of teleportation
 y - a scroll of immolation
 I - 2 scrolls of recharging
 R - a scroll of fog
Potions
 j - 2 potions of degeneration
 m - a potion of lignification
 n - 2 potions of agility
 s - 2 potions of flight
 t - 3 potions of heal wounds
 x - a potion of ambrosia
 D - 2 potions of haste
 F - 2 potions of curing
 M - a potion of brilliance {unknown}
 Q - a potion of magic {unknown}
Books
 c - a book of Beasts

   Spells                             Type                      Level
   a - Summon Butterflies             Summoning                    1
   b - Call Canine Familiar           Summoning                    3
   c - Summon Ice Beast               Ice/Summoning                4
   d - Summon Mana Viper              Hexes/Summoning              5
   e - Summon Hydra                   Summoning                    7
 N - the Guide on Companions
   (You found it on level 2 of the Abyss)

   Spells                             Type                      Level
   a - Summon Small Mammal            Summoning                    1
   b - Call Imp                       Summoning                    2
   c - Summon Ice Beast               Ice/Summoning                4
   d - Summon Hydra                   Summoning                    7
Miscellaneous
 S - a fan of gales
Comestibles
 b - 6 bread rations
 h - 5 beef jerkies
 A - a slice of pizza
 E - 3 meat rations


   Skills:
 + Level 2.8 Fighting
 + Level 5.8 Dodging
 * Level 1.9 Shields
 - Level 16.0 Unarmed Combat
 - Level 10.0 Invocations
 * Level 5.6 Evocations


You had 12 spell levels left.
You didn't know any spells.

Dungeon Overview and Level Annotations

Branches:
Dungeon (15/15)            Temple (0/1) D:5            Lair (1/8) D:9
    Orc (0/2) D:11
 Vaults: D:13-14     Depths: D:15

Altars:
Elyvilon
Fedhas
Okawaru
Pakellas
Qazlal
Trog
Vehumet
Xom

Shops:
D:4 (   D:10 [

Portals:
Trove: D:14 (give 11 potions of heal wounds)

Annotations:
D:2 Ijyb, Terence
D:10 exclusion: downstairs
D:12 manon's ghost, journeyman GrWz
Lair:1 Kidiri's ghost, journeyman DEFE


Innate Abilities, Weirdness & Mutations

You are too large for most types of armour.
You have claws for hands.
Your metabolism is lightning-fast.
You like to eat raw meat.
You heal very quickly.
You are covered in fur (AC +1).
You have very tough skin (AC +2).
You are partially covered in rough black scales (AC +4, Dex -1).
You are agile. (Dex +2)
You possess an exceptional clarity of mind.


Message History

The efreet gestures at you. The bolt of fire hits you!
You scratch the efreet.
The efreet is almost dead.
The efreet gestures at you.
The fireball explodes!
The fireball engulfs you!
* * * LOW HITPOINT WARNING * * *
The fireball engulfs the efreet.
The efreet completely resists.
You are too injured to fight recklessly!
You are too injured to fight recklessly!
You are too injured to fight recklessly!
You are too injured to fight recklessly!
You are too injured to fight recklessly!
You barely miss the efreet.
The efreet is almost dead.
You barely miss the efreet.
The efreet is almost dead.
The efreet gestures at you.
The fireball explodes!
The fireball engulfs you!
You die...

### ##@# #R####
##...###### #####
#######...#....#####.#.#
..........#.........#§#.
.........R#......§§§§#§.
..........§§....§...#..≈
.....................#.≈
..###'#..........####..§


You could see an efreet.

Vanquished Creatures
  A centaur warrior (D:14)
  A catoblepas (D:15)
  2 wizards (D:11)
  The ghost of 4thArraOfDagon the Slasher, a novice HaAK of Lugonu (D:8)
  A flayed ghost (Abyss:3)
  2 hill giants
  Pikel (D:5)
  2 deep elf magi
  A necromancer (IceCv)
  2 cyclopes
  4 ugly things (D:11)
  4 molten gargoyles (D:15)
  A gargoyle (D:9)
  3 ice statues (IceCv)
  2 freezing wraiths (D:14)
  A spiny frog (Lair:1)
  A kobold demonologist (D:14)
  A rime drake (shapeshifter) (D:15)
  7 ice devils (IceCv)
  5 trolls
  3 two-headed ogres
  2 slime creatures
  A hornet zombie (D:14)
  The ghost of 4thArraOfDagon the Cudgeler, an amateur OgHu (D:5)
  10 yaks
  A wyvern (D:14)
  Sigmund (D:5)
  A wraith (D:15)
  6 hippogriffs
  A golden eye (shapeshifter) (D:14)
  A hungry ghost (D:9)
  A soldier ant (D:11)
  A water moccasin (D:9)
  2 orc warriors
  4 sky beasts
  3 black bears
  A necrophage (D:9)
  5 ice beasts
  A phantom (D:7)
  2 wasps
  6 ogres
  11 centaurs
  A big kobold (D:14)
  5 giant frogs
  A gnoll sergeant (D:11)
  A wyvern skeleton (D:15)
  A scorpion (D:9)
  19 killer bees
  4 wights (D:11)
  A vampire bat (D:3)
  5 crimson imps
  A giant frog zombie (D:9)
  4 centaur zombies
  3 hounds
  A lava snake (D:15)
  A draconian simulacrum (IceCv)
  3 orc priests
  2 giant frog skeletons
  6 orc wizards
  2 jellies
  A centaur skeleton (D:7)
  A gnoll shaman (D:7)
  3 iguanas
  7 worker ants
  2 centaur simulacra (IceCv)
  A hound skeleton (D:6)
  2 worker ant zombies (D:9)
  Robin (D:3)
  58 gnolls
  12 adders
  An ogre simulacrum (IceCv)
  6 naga simulacra (IceCv)
  4 shadow imps
  2 adder skeletons
  A worm (D:3)
  A dart slug (D:3)
  2 giant geckos
  34 orcs
  7 bats (D:3)
  3 giant cockroaches
  7 hobgoblins (D:3)
  15 jackals
  3 quokkas
  A giant gecko zombie (D:5)
  3 giant newts
  7 goblins
  6 kobolds
  2 quokka skeletons
  A rat (D:1)
363 creatures vanquished.

Vanquished Creatures (others)
  A hydra (D:10)
  4 ugly things
  A freezing wraith (D:14)
  2 orc warriors
  2 centaurs
  A scorpion (D:5)
11 creatures vanquished.

Grand Total: 374 creatures vanquished

Notes
Turn   | Place    | Note
--------------------------------------------------------------
     0 | Abyss:1  | 4thArraOfDagon the Troll Abyssal Knight began the quest for the Orb.
     0 | Abyss:1  | Reached XP level 1. HP: 22/22 MP: 1/1
     0 | Abyss:1  | 4thArraOfDagon: meh
    68 | Abyss:2  | Noticed a large abomination
   105 | Abyss:2  | Noticed a starcursed mass
   107 | D:1      | Escaped the Abyss
   264 | D:5      | Entered Level 5 of the Dungeon
   264 | D:5      | Found a shimmering altar of Xom.
   264 | D:5      | Noticed an orc wizard
   264 | D:5      | Noticed a centaur
   264 | D:5      | Noticed a centaur
   266 | D:5      | Noticed a crimson imp
   281 | D:4      | Found Kugom's Weapon Shoppe.
   408 | D:3      | Reached XP level 2. HP: 25/29 MP: 2/2
   420 | D:3      | Reached * piety under Lugonu
   420 | D:3      | Reached skill level 3 in Unarmed Combat
   524 | D:3      | Reached XP level 3. HP: 36/36 MP: 3/3
   525 | D:3      | Noticed Robin
   552 | D:3      | Killed Robin
   683 | D:3      | Found an oddly glowing altar of Pakellas.
   715 | D:3      | Reached XP level 4. HP: 40/44 MP: 4/4
   718 | D:3      | Reached skill level 4 in Unarmed Combat
   927 | D:4      | Reached XP level 5. HP: 50/50 MP: 6/6
  1017 | D:4      | Reached ** piety under Lugonu
  1042 | D:4      | Reached skill level 5 in Unarmed Combat
  1164 | D:4      | Noticed a sky beast
  1190 | D:4      | Noticed an ogre
  1212 | D:4      | Reached XP level 6. HP: 53/59 MP: 7/7
  1274 | D:3      | WONT GET ME
  1287 | D:2      | Noticed Ijyb
  1287 | D:2      | Noticed Terence
  1289 | D:2      | FREE DRAIN
  1386 | D:4      | You fall through a shaft!
  1509 | D:5      | Found a staircase to the Ecumenical Temple.
  1573 | D:5      | Noticed 4thArraOfDagon's ghost (amateur OgHu)
  1600 | D:5      | BLOAX: ogre hunter
  1601 | D:5      | Killed 4thArraOfDagon's ghost
  1601 | D:5      | Reached skill level 6 in Unarmed Combat
  1601 | D:5      | Reached XP level 7. HP: 36/66 MP: 7/9
  1612 | D:5      | BLOAX: veri dangerus
  1789 | D:5      | Reached skill level 7 in Unarmed Combat
  1896 | D:5      | Noticed Sigmund
  1905 | D:5      | Killed Sigmund
  1921 | D:5      | Noticed Pikel
  1929 | D:5      | Killed Pikel
  1929 | D:5      | Reached skill level 8 in Unarmed Combat
  1929 | D:5      | Reached skill level 5 in Invocations
  1929 | D:5      | Reached XP level 8. HP: 49/74 MP: 9/11
  2107 | D:4      | Reached *** piety under Lugonu
  2178 | D:4      | Reached skill level 9 in Unarmed Combat
  2421 | D:4      | Got a glittering wooden ring
  2424 | D:4      | Identified the ring "Saesches" {rPois Int+2} (You took it off a gnoll on level 4 of the Dungeon)
  2467 | D:4      | Found a blossoming altar of Fedhas.
  2529 | D:4      | Reached **** piety under Lugonu
  2648 | D:4      | Reached XP level 9. HP: 77/80 MP: 12/12
  2860 | D:6      | Reached skill level 10 in Unarmed Combat
  3057 | D:7      | Paralysed by a centaur for 7 turns
  3082 | D:7      | Reached ***** piety under Lugonu
  3170 | D:8      | Found a radiant altar of Vehumet.
  3263 | D:7      | Reached skill level 11 in Unarmed Combat
  3388 | D:7      | CARE?
  3546 | D:8      | Noticed 4thArraOfDagon's ghost (novice HaAK)
  3595 | D:8      | Killed 4thArraOfDagon's ghost
  3687 | D:9      | Noticed a troll
  3711 | D:10     | Entered Level 10 of the Dungeon
  3720 | D:10     | Reached XP level 10. HP: 71/87 MP: 12/14
  3864 | D:9      | Reached skill level 12 in Unarmed Combat
  3944 | D:9      | Found a radiant altar of Vehumet.
  3946 | D:9      | Found a staircase to the Lair.
  4044 | Lair:1   | Entered Level 1 of the Lair of Beasts
  4044 | Lair:1   | Noticed a spiny frog
  4048 | Lair:1   | Noticed Kidiri's ghost (journeyman DEFE)
  4051 | Lair:1   | Killed a spiny frog
  4082 | D:9      | Found an iron altar of Okawaru.
  4083 | D:9      | Found a stormy altar of Qazlal.
  4199 | D:9      | Gained mutation: You are dopey. (Int -2) [mutagenic meat]
  4200 | D:9      | Gained mutation: You are occasionally teleported next to monsters. [mutagenic meat]
  4201 | D:9      | Gained mutation: You tend to lose your temper in combat. [mutagenic meat]
  4202 | D:9      | Gained mutation: You have a pair of small antennae on your head. [mutagenic meat]
  4438 | D:9      | Noticed a gargoyle
  4448 | D:9      | Killed a gargoyle
  4528 | D:9      | Reached skill level 13 in Unarmed Combat
  4565 | D:9      | Gained mutation: Your spells are a little harder to cast, but a little more powerful. [mutagenic meat]
  4785 | D:10     | Found Wublil's Armour Shop.
  4879 | D:10     | Noticed a red ugly thing
  4928 | D:11     | Reached XP level 11. HP: 44/93 MP: 16/16
  4954 | D:11     | Noticed a red ugly thing
  4971 | D:10     | Noticed a five-headed hydra
  4972 | D:10     | Banished a five-headed hydra
  5002 | D:10     | Banished a red ugly thing
  5134 | D:10     | Found a bloodstained altar of Trog.
  5242 | D:10     | Reached skill level 14 in Unarmed Combat
  5316 | D:11     | Noticed a purple ugly thing
  5350 | D:11     | Killed a purple ugly thing
  5354 | D:11     | Gained mutation: You are somewhat resistant to further mutation. [mutagenic meat]
  5358 | D:11     | Noticed a white ugly thing
  5359 | D:11     | Noticed a green ugly thing
  5410 | D:11     | Banished a red ugly thing
  5411 | D:11     | Banished a red ugly thing
  5450 | D:10     | emiel: tele mut best mut
  5683 | D:11     | Noticed a red ugly thing
  5711 | D:11     | Killed a red ugly thing
  5738 | D:11     | Found a staircase to the Orcish Mines.
  5739 | D:11     | Lost mutation: You are dopey. (Int -2) [potion of cure mutation]
  5739 | D:11     | Lost mutation: You tend to lose your temper in combat. [potion of cure mutation]
  5739 | D:11     | Lost mutation: You are somewhat resistant to further mutation. [potion of cure mutation]
  5739 | D:11     | Lost mutation: You have a pair of small antennae on your head. [potion of cure mutation]
  5847 | D:11     | Noticed a red ugly thing
  5847 | D:11     | Noticed a brown ugly thing
  5886 | D:11     | Killed a green ugly thing
  5895 | D:11     | Killed a green ugly thing
  5903 | D:11     | Banished a red ugly thing
  5907 | D:11     | Gained mutation: Your mind is acute. (Int +2) [mutagenic meat]
  5908 | D:11     | Lost mutation: Your mind is acute. (Int +2) [mutagenic meat]
  5909 | D:11     | Gained mutation: You possess an exceptional clarity of mind. [mutagenic meat]
  5910 | D:11     | Gained mutation: You are partially covered in rough black scales (AC +4, Dex -1). [mutagenic meat]
  5941 | D:11     | BLOAX: nice muts brah
  6028 | D:11     | Noticed a wizard
  6028 | D:11     | Noticed a white very ugly thing
  6029 | D:11     | Banished a white very ugly thing
  6029 | D:11     | Reached skill level 10 in Invocations
  6041 | D:11     | Killed a wizard
  6068 | D:11     | Identified a +4 rod of clouds (12/12) (You found it on level 11 of the Dungeon)
  6103 | D:11     | Noticed a wizard
  6103 | D:11     | Cast into level 2 of the Abyss (a wizard)
  6108 | Abyss:2  | Identified the Guide on Companions
  6120 | Abyss:3  | Found a sacrificial altar of Ru.
  6159 | Abyss:3  | Noticed a flayed ghost
  6166 | Abyss:3  | Killed a flayed ghost
  6168 | D:11     | Escaped the Abyss
  6172 | D:11     | Killed a wizard
  6172 | D:11     | Reached skill level 1 in Evocations
  6456 | D:12     | Noticed a hill giant
  6462 | D:12     | Killed a hill giant
  6462 | D:12     | Reached XP level 12. HP: 71/103 MP: 18/18
  6474 | D:12     | Noticed manon's ghost (journeyman GrWz)
  6512 | D:12     | Reached skill level 15 in Unarmed Combat
  6698 | D:14     | Found a portal to a secret trove of treasure.
  6716 | D:14     | 4thArraOfDagon: 11hw pots rotlf
  6727 | D:14     | Found a white marble altar of Elyvilon.
  7025 | D:14     | Noticed a centaur warrior
  7035 | D:14     | Killed a centaur warrior
  7089 | D:14     | Found a frozen archway.
  7095 | IceCv    | Entered an ice cave
  7136 | IceCv    | Reached skill level 5 in Dodging
  7578 | D:14     | Reached skill level 5 in Evocations
  7627 | D:15     | Entered Level 15 of the Dungeon
  7639 | D:15     | Reached skill level 16 in Unarmed Combat
  7644 | D:15     | Identified a scroll of acquirement
  7660 | D:15     | BLOAX: 16 unarmed
  7660 | D:15     | ARRAGJA
  7660 | D:15     | emiel: what is that
  7660 | D:15     | BLOAX: more like moar fighting
  7660 | D:15     | BLOAX: wtf is that
  7660 | D:15     | 4thArraOfDagon: yea
  7660 | D:15     | emiel: x it pls
  7660 | D:15     | 4thArraOfDagon: i might visit abyss
  7660 | D:15     | 4thArraOfDagon: to remove mark
  7660 | D:15     | emiel: oh nice
  7660 | D:14     | BLOAX: antaeus drake
  7660 | D:14     | BLOAX: ok
  7660 | D:15     | emiel: lol
  7705 | Abyss:1  | Got a shimmering robe
  7706 | D:15     | Escaped the Abyss
  7722 | D:15     | emiel: oh boy
  7728 | D:15     | Lost mutation: You are occasionally teleported next to monsters. [mutagenic meat]
  7731 | D:15     | emiel: STABLE
  7731 | D:15     | Lost mutation: Your spells are a little harder to cast, but a little more powerful. [mutagenic meat]
  7732 | D:15     | Gained mutation: You are agile. (Dex +2) [mutagenic meat]
  7733 | D:15     | 4thArraOfDagon: agile
  7733 | D:15     | 4thArraOfDagon: this troll is regaining hope
  7737 | D:15     | emiel: lol
  7792 | D:15     | Noticed a dire elephant
  7818 | D:15     | Noticed an ogre mage
  7821 | D:15     | emiel: D:15 fun times
  7892 | D:15     | BLOAX: might wanna quiver those rocks
  7918 | D:15     | Reached skill level 1 in Shields
  7950 | D:15     | BLOAX: and take a look at what that shimmering robe is
  7950 | D:15     | emiel: yes place those large rocks in your large rocks quiver
  7966 | D:15     | Reached XP level 13. HP: 33/110 MP: 19/19
  8166 | D:15     | Killed from afar by an efreet

Vault maps used:
D:1:      kilobyte_arrival_exit_the_forest
D:2:      grunt_temple_overflow_open, minivault_23, kennysheep_generic_room_9,
          uniq_iyjb, uniq_terence
D:3:      first_bread, portal_sewer_entry_e, roderic_batcave,
          grunt_pakellas_sulfur, uniq_robin
D:4:      lemuel_castle_with_subvaults, serial_shops, shop, fedhas_altar_4
D:5:      xom_confusion_cloud, minmay_temple_entry_trees, uniq_duvessa,
          uniq_pikel, uniq_sigmund
D:6:      cheibriados_altar_1, minmay_liquid_box, feat_on_display
D:8:      lemuel_coloured_pillars_altar, serial_glass, glass_columns_b,
          glass_columns_a
D:9:      kennysheep_windowed_halls, gammafunk_temple_overflow_pools,
          lair_0_dummy, basic_altar
D:10:     basic_altar, serial_shops, kennysheep_little_box
D:11:     cheibrodos_breeding_chamber, orc_0_dummy
D:12:     uniq_urug
D:13:     grunt_vaults_entry_fortified, the_bakery
D:14:     enter_trove_2, portal_ice_cave_entry_horrid_things, elyvilon_altar_1,
          grunt_ministairs_10
D:15:     hangedman_depths_entry_try_elsewhere_first, minivault_23, minivault_8
Lair:1:   beast_lair_carwin_6
Abyss:2:  minivault_23
Abyss:3:  evilmike_abyss_rune_tentacle_tunnel
IceCv:    ice_cave_tombish

Skill      XL: |  1  2  3  4  5  6  7  8  9 10 11 12 |
---------------+-------------------------------------+-----
Unarmed Combat | 3 4 5 6 8 9 11 13 14 16 | 16.0
Invocations    | 2 3 4 5 6 7 9 10 | 10.0
Dodging        | 4 5 |  5.8
Evocations     | 1 5 |  5.6
Shields        | 1 |  1.9
Fighting       | |  2.8

Action                   |  1- 3 |  4- 6 |  7- 9 | 10-12 | 13-15 || total
-------------------------+-------+-------+-------+-------+-------++-------
Melee: Unarmed           |    74 |    89 |   409 |   734 |    39 ||  1345
Throw: Javelin           |       |       |       |     3 |       ||     3
       Throwing net      |       |       |       |     2 |       ||     2
       Large rock        |       |       |       |       |     6 ||     6
Invok: Depart the Abyss  |     1 |       |       |     2 |       ||     3
       Bend Space        |       |     3 |       |       |       ||     3
       Banish            |       |       |     3 |    17 |       ||    20
       Enter the Abyss   |       |       |       |     1 |       ||     1
Evoke: Wand              |       |       |     1 |     9 |       ||    10
  Use: Potion            |       |     2 |       |     4 |       ||     6
       Scroll            |       |       |     1 |    30 |       ||    31
 Stab: Paralysed         |       |       |       |     2 |       ||     2
  Eat: Chunk             |     8 |     8 |    23 |    79 |     1 ||   119
